 Dungeon Sprint DCSS version 0.21.2 (webtiles) character file.

9674 Fang the Severer (level 11, -3/109 HPs)
             Began as a Gargoyle Berserker on Sept 25, 2018.
             Was the Champion of Trog.
             Slain by an ice devil (9 damage)
             ... summoned by an orc high priest
             ... in the Dungeon (Sprint IX: "|||||||||||||||||||||||||||||").
             The game lasted 00:03:52 (2538 turns).

Fang the Severer (Gargoyle Berserker)               Turns: 2538, Time: 00:03:53

Health: -3/109     AC: 20    Str: 30    XL:     11   Next: 50%
Magic:  3/3        EV: 14    Int: 10    God:    Trog [******]
Gold:   1262       SH:  0    Dex:  9    Spells: 10/10 levels left

rFire    . . .     SeeInvis .   s - +3 war axe (antimagic)
rCold    . . .     Gourm    .   (no shield)
rNeg     + . .     Faith    .   p - +1 scale mail
rPois    ∞         Spirit   .   (no helmet)
rElec    +         Reflect  .   (no cloak)
rCorr    .         Harm     .   (no gloves)
MR       +....     NoTele   +   (no boots)
Stlth    ..........             (no amulet)
HPRegen  0.28/turn              n - +3 ring of intelligence
MPRegen  0.08/turn              o - +2 ring of protection

@: berserking (expiring), very quick
A: frail 1, low mp 1, magic resistance 1, negative energy resistance 1,
electricity resistance, unbreathing, petrification resistance, rot immunity, AC
+8
a: Berserk, Trog's Hand, Brothers in Arms, Burn Spellbooks, Renounce Religion


You were in the Dungeon.
You worshipped Trog.
Trog was exalted by your worship.
You were near starving.

You visited 1 branch You collected 1262 gold pieces.

Inventory:

Hand Weapons
 m - a +1 broad axe of chopping
 s - a +3 antimagic war axe (weapon)
Armour
 p - a +1 scale mail (worn)
Jewellery
 n - a +3 ring of intelligence (left hand)
 o - a +2 ring of protection (right hand)
Wands
 l - a wand of iceblast (10)
Scrolls
 b - 2 scrolls of fear
 i - 4 scrolls of blinking
 k - 4 scrolls of remove curse
 q - 2 scrolls of enchant armour
Potions
 a - a potion of agility
 d - 6 potions of curing
 e - 2 potions of heal wounds
 f - 2 potions of haste
 g - 4 potions of magic
 h - 2 potions of berserk rage
 j - a potion of invisibility
Comestibles
 c - 12 rations


   Skills:
 + Level 15.6 Fighting
 + Level 16.8 Axes
 + Level 12.3 Armour
 + Level 8.0 Dodging
 + Level 1.2 Stealth


You had 10 spell levels left.
You didn't know any spells.

Dungeon Overview and Level Annotations

Branches:
Dungeon (1/1)

Altars:
Cheibriados
Dithmenos
Elyvilon
Fedhas
Gozag
Hepliaklqana
Kikubaaqudgha
Makhleb
Nemelex Xobeh
Okawaru
Qazlal
Ru
Sif Muna
Trog
Uskayaw
Vehumet
Wu Jian
Xom
Yredelemnul
Zin
The Shining One
Beogh
Jiyva
Lugonu

Shops:
D }?(


Innate Abilities, Weirdness & Mutations

You are resistant to torment.
Your stone body is resilient. (AC +8)
You are immune to poison.
You resist negative energy. (rN+)
You are resistant to electric shocks. (rElec)
You can survive without breathing.
You are immune to petrification.
You are immune to rotting.
You are frail. (-10% HP)
Your magical capacity is low. (-10% MP)
You are resistant to hostile enchantments. (MR+)


Message History

You slash the orc high priest!
The orc high priest is heavily wounded.
The orc high priest prays to Beogh.
Unknown command.
You slice the orc high priest!!
The orc high priest is severely wounded.
You closely miss the orc high priest.
The orc high priest is severely wounded.
The orc high priest prays to Beogh.
Unknown command.
You slash the orc high priest!
The orc high priest is almost dead.
You slash the ice devil!
The orc priest looks encouraged for a moment.
Unknown command.
You completely miss the orc high priest.
The orc high priest is almost dead.
You slash the ice devil! The orc high priest barely misses you.
The ice devil hits you!
You die...

▓▓▓▓▓▓▓▓▓▓▓▓▓▓▓▓▓▓▓▓▓▓▓▓
))())........')4@ooooo4∩
▓▓▓▓▓▓▓▓▓▓▓▓▓▓▓▓▓▓▓▓▓▓▓▓▓▓▓▓▓▓▓▓▓
..................).(.(((........
▓▓▓▓▓▓▓▓▓▓▓▓▓▓▓▓▓▓▓▓▓▓▓▓▓▓▓▓▓▓▓▓▓
....).....)..÷%..........(['..[[[
▓▓▓▓▓▓▓▓▓▓▓▓▓▓▓▓▓▓▓▓▓▓▓▓▓▓▓▓▓▓▓▓▓
.................................
▓▓▓▓▓▓▓▓▓▓▓▓▓▓▓▓▓▓▓▓▓▓▓▓▓▓▓▓▓▓▓▓▓
______________'.?|)[[)..).....())


You could see 3 orc high priests, an ice devil, a rust devil and 2 orc priests.

Vanquished Creatures
  Josephine (D)
  A centaur warrior (D)
  An orc high priest (D)
  Urug (D)
  2 orc knights (D)
  A black mamba (D)
  4 spiny frogs (D)
  A rime drake (D)
  2 tyrant leeches (D)
  A polar bear (D)
  A hippogriff (D)
  4 wraiths (D)
  2 wyverns (D)
  A basilisk (D)
  2 water moccasins (D)
  6 orc warriors (D)
  2 ogres (D)
  5 crocodiles (D)
  4 bullfrogs (D)
  A jelly (D)
  2 orc wizards (D)
  4 orc priests (D)
  A worker ant (D)
  An adder (D)
  An adder skeleton (D)
  8 orcs (D)
  A bat skeleton (D)
  A giant cockroach (D)
  A goblin (D)
  A hobgoblin (D)
  A kobold (D)
  2 quokkas (D)
  A ball python (D)
  A bat (D)
  A leopard gecko skeleton (D)
70 creatures vanquished.

Vanquished Creatures (collateral kills)
  A spiny frog (D)
  2 tyrant leeches (D)
  A blink frog (D)
  A vampire mosquito (D)
  5 orc warriors (D)
  2 orcs (D)
12 creatures vanquished.

Grand Total: 82 creatures vanquished

Notes
Turn   | Place    | Note
-------+----------+-------------------------------------------
     0 | D        | Fang the Gargoyle Berserker began the quest for the Orb.
     0 | D        | Reached XP level 1. HP: 14/14 MP: 1/1
     7 | D        | Reached skill level 3 in Axes
    12 | D        | Reached ** piety under Trog
    28 | D        | Reached XP level 2. HP: 20/20 MP: 2/2
    29 | D        | Reached *** piety under Trog
    34 | D        | Reached skill level 4 in Axes
    81 | D        | Found a roughly hewn altar of Beogh.
    81 | D        | Found a snail-covered altar of Cheibriados.
    81 | D        | Found a shadowy altar of Dithmenos.
    81 | D        | Found a white marble altar of Elyvilon.
    81 | D        | Found a blossoming altar of Fedhas.
    81 | D        | Found an opulent altar of Gozag.
    82 | D        | Found a hazy altar of Hepliaklqana.
    83 | D        | Found a viscous altar of Jiyva.
    84 | D        | Found an ancient bone altar of Kikubaaqudgha.
    85 | D        | Found a corrupted altar of Lugonu.
    86 | D        | Found a burning altar of Makhleb.
    87 | D        | Found a sparkling altar of Nemelex Xobeh.
    88 | D        | Found an iron altar of Okawaru.
    89 | D        | Found a stormy altar of Qazlal.
    90 | D        | Found a sacrificial altar of Ru.
    91 | D        | Found a deep blue altar of Sif Muna.
    92 | D        | Found a bloodstained altar of Trog.
    93 | D        | Found a hide-covered altar of Uskayaw.
    94 | D        | Found a radiant altar of Vehumet.
    95 | D        | Found an ornate altar of the Wu Jian Council.
    96 | D        | Found a shimmering altar of Xom.
    97 | D        | Found a basalt altar of Yredelemnul.
    98 | D        | Found a glowing silver altar of Zin.
    99 | D        | Found a glowing golden altar of the Shining One.
   144 | D        | Noticed a bullfrog
   148 | D        | Reached **** piety under Trog
   153 | D        | Reached skill level 5 in Fighting
   153 | D        | Reached XP level 3. HP: 26/26 MP: 3/3
   155 | D        | Killed a bullfrog
   155 | D        | Reached skill level 5 in Axes
   155 | D        | Reached XP level 4. HP: 32/32 MP: 4/4
   160 | D        | Reached ***** piety under Trog
   162 | D        | Reached skill level 6 in Axes
   162 | D        | Reached XP level 5. HP: 23/38 MP: 5/5
   340 | D        | Noticed a hippogriff
   340 | D        | Noticed an ogre
   340 | D        | Noticed a wyvern
   340 | D        | Noticed a centaur warrior
   340 | D        | Noticed an ogre
   347 | D        | Killed a hippogriff
   347 | D        | Reached skill level 8 in Axes
   347 | D        | Reached skill level 5 in Armour
   347 | D        | Reached XP level 6. HP: 41/46 MP: 6/6
   349 | D        | Received a gift from Trog
   352 | D        | Killed a wyvern
   352 | D        | Reached skill level 10 in Fighting
   352 | D        | Reached skill level 9 in Axes
   352 | D        | Reached XP level 7. HP: 48/53 MP: 7/7
   358 | D        | Killed a centaur warrior
   358 | D        | Reached skill level 10 in Axes
   358 | D        | Reached skill level 5 in Dodging
   358 | D        | Reached XP level 8. HP: 31/60 MP: 8/8
   363 | D        | Reached skill level 11 in Axes
   661 | D        | Gained mutation: You are frail. (-10% HP) [potion of mutation]
   661 | D        | Gained mutation: Your magical capacity is low. (-10% MP) [potion of mutation]
   661 | D        | Gained mutation: You are resistant to hostile enchantments. (MR+) [potion of mutation]
   670 | D        | Noticed a spiny frog
   676 | D        | Killed a spiny frog
   676 | D        | Reached XP level 9. HP: 58/58 MP: 8/8
   692 | D        | Reached skill level 12 in Axes
   703 | D        | Received a gift from Trog
   770 | D        | Noticed a polar bear
   782 | D        | Killed a polar bear
   920 | D        | Noticed a spiny frog
   920 | D        | Noticed a spiny frog
   922 | D        | Noticed a rime drake
   923 | D        | Reached skill level 10 in Armour
   925 | D        | Reached skill level 13 in Axes
   927 | D        | Reached ****** piety under Trog
   933 | D        | Killed a spiny frog
   935 | D        | Noticed a black mamba
   939 | D        | Killed a spiny frog
   939 | D        | Reached XP level 10. HP: 48/65 MP: 3/9
   949 | D        | Killed a black mamba
   949 | D        | Received a gift from Trog
   949 | D        | Reached skill level 14 in Axes
  1220 | D        | Noticed a spiny frog
  1220 | D        | Noticed a spiny frog
  1235 | D        | Killed a spiny frog
  1249 | D        | Killed a spiny frog
  1253 | D        | Received a gift from Trog
  1255 | D        | Reached skill level 15 in Axes
  1472 | D        | Noticed Josephine
  1486 | D        | Killed Josephine
  1493 | D        | Received a gift from Trog
  1493 | D        | Reached XP level 11. HP: 69/72 MP: 3/9
  1620 | D        | Noticed Urug
  1647 | D        | Killed Urug
  1647 | D        | Reached skill level 16 in Axes
  1984 | D        | Noticed an orc knight
  1984 | D        | Received a gift from Trog
  2005 | D        | Killed an orc knight
  2005 | D        | Reached skill level 15 in Fighting
  2241 | D        | Noticed an orc knight
  2246 | D        | Killed an orc knight
  2246 | D        | Received a gift from Trog
  2266 | D        | Reached skill level 1 in Stealth
  2271 | D        | Received a gift from Trog
  2506 | D        | Found Bomnuc's Gadget Emporium.
  2506 | D        | Noticed an orc high priest
  2506 | D        | Noticed an orc high priest
  2507 | D        | Noticed an orc high priest
  2519 | D        | Killed an orc high priest
  2520 | D        | Found Kiwoyvosk's Magic Scroll Shoppe.
  2522 | D        | Noticed an orc high priest
  2529 | D        | HP: 5/109 [ynoxinul/iron shot[an orc high priest] (22)]
  2531 | D        | Found Afaewnat's Weapon Emporium.
  2538 | D        | Slain by an ice devil

Skill      XL: |  1  2  3  4  5  6  7  8  9 10 11 |
---------------+----------------------------------+-----
Axes           | 3 4 5 6 8 9 10 11 13 15 16 | 16.8
Fighting       | 4 5 6 7 9 10 11 12 13 14 15 | 15.6
Dodging        | 2 3 4 5 6 7 8 |  8.0
Armour         | 3 4 5 6 8 10 11 12 | 12.3
Stealth        | 1 |  1.2

Action                   |  1- 3 |  4- 6 |  7- 9 | 10-12 || total
-------------------------+-------+-------+-------+-------++-------
Melee: Hand axe          |    21 |       |       |       ||    21
       Broad axe         |    10 |    18 |    41 |       ||    69
       War axe           |       |       |    28 |   169 ||   197
Invok: Berserk           |     2 |     1 |     2 |     5 ||    10
       Brothers in Arms  |       |       |       |     2 ||     2
  Use: Potion            |       |       |     1 |     1 ||     2
  Eat: Chunk             |       |       |     4 |    10 ||    14
Armor: Animal skin       |     7 |       |       |       ||     7
       Scale mail        |     5 |    11 |    21 |    40 ||    77
Dodge: Dodged            |    13 |    12 |    23 |    49 ||    97
